 Seeded DCSS version 0.29-a0-416-g83a48905f1 (webtiles) character file.

Game seed: 20220517 (custom seed)

50459 a11behringer the Bludgeoner (level 14, 0/121 HPs)
             Began as a Palentonga Berserker on May 17, 2022.
             Was an Elder of Trog.
             Killed by divine providence
             ... invoked by an orc priest
              (13 damage)
             ... on level 2 of the Orcish Mines.
             The game lasted 00:49:38 (17075 turns).

a11behringer the Bludgeoner (Palentonga Berserker) Turns: 17075, Time: 00:49:40

Health: 0/121      AC: 29    Str: 30    XL:     14   Next: 19%
Magic:  14/14      EV: 10    Int:  8    God:    Trog [****..]
Gold:   895        SH:  0    Dex: 11    Spells: 13/13 levels left

rFire   . . .      SeeInvis +   Q - +4 dire flail (freeze)
rCold   . . .      Faith    .   (shield currently unavailable)
rNeg    . . .      Spirit   .   s - +2 troll leather armour
rPois   .          Reflect  .   o - +0 helmet
rElec   .          Harm     .   v - +0 cloak
rCorr   .          Rampage  .   S - +0 pair of gloves
Will    +++..                   y - +4 barding
Stlth   +.........              b - amulet of regeneration
HPRegen 2.90/turn               a - +4 ring of slaying
MPRegen 0.14/turn               D - +6 ring of strength

@: lethally poisoned (0 -> -1), marked, weakened, strong-willed, on berserk
cooldown, regenerating, slowed, curled up, very slow
A: large, rugged brown scales 3, see invisible, deformed body, roll 1, armoured
tail, reflexive curl
a: Rolling Charge, Renounce Religion, Berserk, Trog's Hand, Brothers in Arms


You were on level 2 of the Orcish Mines.
You worshipped Trog.
Trog was greatly pleased with you.
You visited 2 branches of the dungeon, and saw 16 of its levels.

You collected 2693 gold pieces.
You spent 1798 gold pieces at shops.

Inventory:

Hand Weapons
 q - a +0 whip of electrocution
 G - a +0 whip of flaming
 H - a +1 shortbow of flaming
 K - a +2 mace of protection
 N - a +4 morningstar
 Q - a +4 dire flail of freezing (weapon)
Missiles
 u - 5 throwing nets
Armour
 f - a +1 plate armour of positive energy
 m - a +2 buckler
 o - a +0 helmet (worn)
 s - a +2 troll leather armour (worn)
 v - a +0 cloak (worn)
 y - a +4 barding (worn)
 S - a +0 pair of gloves (worn)
 Z - a +2 chain mail of fire resistance
Jewellery
 a - a +4 ring of slaying (left hand)
 b - an amulet of regeneration (around neck)
 t - a ring of willpower
 D - a +6 ring of strength (right hand)
 E - an amulet of faith
 M - a ring of protection from fire
 R - the ring "Tebrovimm" {rC+ rN+ Int+6}
   (You found it on level 8 of the Dungeon)

   [ring of protection from cold]

   Int:       It affects your intelligence (+6).
   rC:        It protects you from cold.
   rN:        It protects you from negative energy.
 T - an amulet of reflection
Wands
 e - a wand of polymorph (3)
 g - a wand of paralysis (9)
 w - a wand of digging (1)
 F - a wand of acid (8)
 L - a wand of flame (45)
Scrolls
 c - 5 scrolls of summoning
 i - 9 scrolls of teleportation
 z - a scroll of immolation
 A - 4 scrolls of magic mapping
 I - 2 scrolls of poison
 O - 3 scrolls of identify
 Y - 3 scrolls of fog
Potions
 h - 8 potions of curing
 j - 2 potions of berserk rage
 k - 2 potions of cancellation
 l - a potion of resistance {unknown}
 n - 4 potions of mutation
 p - 5 potions of lignification
 r - 3 potions of invisibility
 x - a potion of degeneration {unknown}
 B - 2 potions of ambrosia
 C - a potion of haste
 P - a potion of flight
 W - a potion of experience {unknown}
 X - a potion of magic
Miscellaneous
 J - a piece from Xom's chessboard (15/15)


   Skills:
 + Level 11.8 Fighting
 * Level 17.7 Maces & Flails
 + Level 8.5 Armour
 + Level 7.2 Dodging
 * Level 3.2 Shields
 + Level 3.0 Evocations


You had 13 spell levels left.
You didn't know any spells.
Your spell library was empty.

Dungeon Overview and Level Annotations

Branches:
Dungeon (14/15)            Temple (0/1) D:4            Lair (0/6) D:8
    Orc (2/2) D:11            Elf (0/3) Orc:2        Vaults (0/5) D:14

Altars:
Dithmenos
Trog
Beogh

Shops:
D:1 =   D:11 =   D:14 (   Orc:1 *   Orc:2 [=

Portals:
Abyss: D:6

Annotations:
D:6 2 transporters, eazynow's ghost, novice TrBe
D:8 4 runed translucent doors


Innate Abilities, Weirdness & Mutations

You are completely covered in rugged brown scales. (AC +3, +7% HP)
You have supernaturally acute eyesight. (SInv)
Armour fits poorly on your strangely shaped body.
You can roll at nearby foes to attack.
You have a long armoured tail.
You curl defensively after being hit. (AC +7*)


Message History

You puncture the orc sorcerer! You tail-slap the orc sorcerer!
You kill the orc sorcerer!
Trog accepts your kill.
Trog appreciates your killing of a magic user.
You feel very sick. The orc priest closely misses you.
The orc warrior hits you but does no damage. x2
The orc wizard closely misses you. x2
The orc knight hits you with a +0 war axe!
* * * LOW HITPOINT WARNING * * *
You feel much better.
You feel very sick.
The orc priest hits you but does no damage.
The orc warrior barely misses you.
The orc priest calls upon Beogh to heal the orc knight.
The orc knight is healed somewhat.
The orc wizard hits you but does no damage.
The orc wizard hits you with a +1 dagger of venom.
* * * LOW HITPOINT WARNING * * *
The orc knight hits you but does no damage.
The orc priest hits you but does no damage.
The orc warrior hits you but does no damage.
The orc wizard closely misses you.
The orc knight hits you with a +0 war axe.
* * * LOW HITPOINT WARNING * * *
The orc wizard hits you but does no damage.
The orc warrior hits you with a +0 short sword.
* * * LOW HITPOINT WARNING * * *
Blink to where?
Press: ? - help, Q - select action, (/) - cycle Dir - move target
As you read the scroll of blinking, it crumbles to dust.
You feel very sick.
The orc wizard no longer looks unusually strong.
The orc priest no longer looks unusually strong.
The orc priest invokes the aid of Beogh against you.
Beogh smites you!
* * * LOW HITPOINT WARNING * * *
The orc priest calls down the wrath of Beogh upon you.
Beogh smites you!
You die...

...##∩.......###
..## ......÷...#
..# ..÷...÷oo.##
..# ....§..oo÷.##
..# ...÷..ooo...#
..## ∩.÷...÷.#)÷.##
...####..÷.÷.##...#
......####..###)..#
#.#)....######).@.#
##.)..######.)...##
#.))..)..)).....##
##..).)........##
#......).....###
##......)...##
###........###
##........##.##
#...##...##...#


You could see an orc knight (strong), 2 orc warriors and 2 orc priests.

Vanquished Creatures
  Azrael (D:14)
  Fannar (Orc:1)
  Harold (Orc:1)
  A boulder beetle (D:12)
  3 hydras (D:14)
  2 catoblepae
  4 centaur warriors
  A vault guard (D:14)
  2 tengu warriors (D:14)
  3 two-headed ogres (D:12)
  4 orc high priests
  The ghost of iguanaiguana the Transmogrifier, a journeyman VSBr of Uskayaw (D:10)
  13 skeletal warriors
  3 orc knights (Orc:2)
  Pikel (D:5)
  3 deep elf pyromancers
  A manticore (D:11)
  A mana viper (shapeshifter) (D:12)
  2 ugly things
  5 orc sorcerers
  5 cyclopes
  Joseph (D:8)
  2 unseen horrors
  A komodo dragon (D:8)
  A kobold demonologist (D:11)
  A tengu conjurer (D:13)
  7 trolls
  A wind drake (shapeshifter) (D:14)
  A blink frog (shapeshifter) (D:13)
  3 slime creatures (D:13)
  2 wyverns
  A water elemental (D:14)
  2 vampires
  2 steam dragons (D:7)
  25 yaks
  A fire elemental (D:14)
  12 vampire mosquitoes
  A warg (Orc:1)
  2 acid dragons
  24 water moccasins
  5 hell hounds (D:14)
  A swamp drake (D:12)
  2 black bears
  18 orc warriors
  An ice beast (D:8)
  10 ogres
  6 wolves (D:8)
  7 centaurs
  2 phantoms
  6 kobold brigands
  Blork the orc (D:4)
  3 bullfrogs
  A gnoll sergeant (D:10)
  3 scorpions
  8 wights
  4 killer bees (D:8)
  4 howler monkeys
  4 electric eels
  Crazy Yiuf (D:5)
  A jelly (D:7)
  17 orc priests
  3 hounds
  3 iguanas
  17 orc wizards
  14 adders
  10 gnolls
  A shadow imp (D:7)
  An ufetubus (D:6)
  A worm (D:4)
  5 dart slugs
  70 orcs
  2 bats
  7 endoplasms
  4 giant cockroaches
  3 goblins
  8 hobgoblins
  9 jackals
  2 quokkas
  4 ball pythons
  2 frilled lizards (D:1)
  36 kobolds
  7 rats
462 creatures vanquished.

Vanquished Creatures (others)
  5 fungi (D:5)
5 creatures vanquished.

Grand Total: 467 creatures vanquished

Notes
Turn   | Place    | Note
-------+----------+-------------------------------------------
     0 | D:1      | a11behringer the Palentonga Berserker began the quest for
                  | the Orb.
     0 | D:1      | Reached XP level 1. HP: 19/19 MP: 1/1
    35 | D:1      | Found Riqinuh's Jewellery Shop.
   345 | D:1      | Noticed an eye of devastation
   346 | D:1      | Found a faded altar of an unknown god.
   349 | D:1      | Noticed a floating eye
   349 | D:1      | Noticed a floating eye
   349 | D:1      | Noticed an eye of devastation
   388 | D:1      | Reached XP level 2. HP: 25/25 MP: 2/2
  1102 | D:2      | Reached XP level 3. HP: 20/31 MP: 3/3
  1469 | D:2      | Reached ** piety under Trog
  1607 | D:2      | Reached skill level 4 in Maces & Flails
  2324 | D:3      | Reached XP level 4. HP: 39/39 MP: 4/4
  3103 | D:4      | Noticed an ogre
  3111 | D:4      | Killed an ogre
  3112 | D:4      | Reached XP level 5. HP: 44/44 MP: 5/5
  3141 | D:4      | Reached skill level 5 in Maces & Flails
  3668 | D:4      | Found a staircase to the Ecumenical Temple.
  3669 | D:4      | Noticed an ogre
  3670 | D:4      | Noticed Blork the orc
  3674 | D:4      | Killed an ogre
  3675 | D:4      | Reached XP level 6. HP: 31/51 MP: 6/6
  3679 | D:4      | Killed Blork the orc
  3918 | D:4      | Reached *** piety under Trog
  4309 | D:5      | Entered Level 5 of the Dungeon
  4320 | D:5      | Reached skill level 6 in Maces & Flails
  4361 | D:5      | Noticed an unseen horror
  4362 | D:5      | Noticed Pikel
  4380 | D:5      | Killed Pikel
  4381 | D:5      | Reached skill level 7 in Maces & Flails
  4381 | D:5      | Gained mutation: You curl defensively after being hit. (AC
                  | +7*) [Palentonga growth]
  4381 | D:5      | Reached XP level 7. HP: 56/58 MP: 7/7
  4382 | D:5      | Killed an unseen horror
  4383 | D:5      | Reached XP level 8. HP: 61/65 MP: 8/8
  4553 | D:5      | Reached skill level 8 in Maces & Flails
  4863 | D:5      | Reached skill level 5 in Armour
  5215 | D:5      | Found a runed translucent door.
  5216 | D:5      | Noticed Crazy Yiuf
  5223 | D:5      | Killed Crazy Yiuf
  5268 | D:6      | Found a one-way gate to the infinite horrors of the Abyss.
  5268 | D:6      | Noticed eazynow's ghost (novice TrBe)
  5287 | D:6      | Noticed a wizard
  5290 | D:6      | Found a transporter.
  5328 | D:6      | Reached skill level 5 in Fighting
  5355 | D:6      | HP: 3/66 [poisoned by a kobold]
  5638 | D:6      | Identified a scroll of acquirement
  5638 | D:6      | Acquired 966 gold pieces
  5718 | D:6      | Reached XP level 9. HP: 54/72 MP: 9/9
  5853 | D:6      | Noticed an ancient zyme
  5889 | D:6      | Found a transporter.
  6462 | D:7      | Reached skill level 9 in Maces & Flails
  6977 | D:7      | Found a bloodstained altar of Trog.
  7707 | D:8      | Noticed an unseen horror
  7720 | D:8      | Killed an unseen horror
  7721 | D:8      | Reached skill level 10 in Maces & Flails
  7729 | D:8      | Reached XP level 10. HP: 58/81 MP: 10/10
  7742 | D:8      | Reached **** piety under Trog
  7973 | D:8      | Found a staircase to the Lair.
  8025 | D:8      | Reached skill level 11 in Maces & Flails
  8463 | D:8      | Noticed Joseph
  8474 | D:8      | Killed Joseph
  8613 | D:8      | Identified the ring "Tebrovimm" {rC+ rN+ Int+6}
  8772 | D:8      | Found a huge runed translucent gate.
  8772 | D:8      | Noticed a death yak
  8786 | D:8      | Found a huge runed translucent gate.
  8787 | D:8      | Found a huge runed translucent gate.
  8788 | D:8      | Found a huge runed translucent gate.
  8788 | D:8      | Noticed a manticore
  9403 | D:1      | Bought an amulet of reflection for 360 gold pieces
  9550 | D:9      | Reached skill level 12 in Maces & Flails
  9559 | D:9      | Reached skill level 1 in Evocations
 10024 | D:9      | Reached XP level 11. HP: 82/88 MP: 11/11
 10137 | D:10     | Entered Level 10 of the Dungeon
 10664 | D:10     | Noticed iguanaiguana's ghost (journeyman VSBr)
 10665 | D:10     | Found a runed translucent door.
 10744 | D:10     | Killed iguanaiguana's ghost
 10745 | D:10     | Reached skill level 13 in Maces & Flails
 11891 | D:11     | Found Hiolips's Jewellery Shoppe.
 11909 | D:11     | Bought an amulet of regeneration for 360 gold pieces
 11909 | D:11     | Bought a +4 ring of slaying for 936 gold pieces
 11965 | D:11     | Reached ***** piety under Trog
 12011 | D:11     | Reached skill level 1 in Shields
 12162 | D:11     | Found a staircase to the Orcish Mines.
 12203 | D:11     | Noticed a white ugly thing
 12210 | D:11     | Killed a white ugly thing
 12710 | D:12     | Noticed a deep elf pyromancer
 12713 | D:12     | Killed a deep elf pyromancer
 12731 | D:12     | Noticed a two-headed ogre
 12741 | D:12     | Killed a two-headed ogre
 12742 | D:12     | Reached skill level 14 in Maces & Flails
 12783 | D:12     | Noticed a two-headed ogre
 12794 | D:12     | Killed a two-headed ogre
 13002 | D:12     | Reached XP level 12. HP: 94/98 MP: 12/12
 13134 | D:12     | Noticed a two-headed ogre
 13141 | D:12     | Killed a two-headed ogre
 13353 | D:12     | Noticed a boulder beetle
 13362 | D:12     | Identified the +0 hunting sling of the Moth {freeze, rPois
                  | rN+}
 13388 | D:12     | Killed a boulder beetle
 13389 | D:12     | Reached skill level 15 in Maces & Flails
 13777 | D:12     | Reached skill level 5 in Dodging
 13951 | D:13     | Found a shadowy altar of Dithmenos.
 13994 | D:13     | HP: 5/102 [skeletal warrior/+3 short sword (14)]
 14044 | D:13     | Reached skill level 16 in Maces & Flails
 14050 | D:13     | HP: 7/153 [skeletal warrior/+0 halberd (11)]
 14235 | D:13     | Reached XP level 13. HP: 104/110 MP: 13/13
 14411 | D:13     | Reached skill level 10 in Fighting
 15198 | D:14     | Received a gift from Trog
 15199 | D:14     | Reached skill level 17 in Maces & Flails
 15330 | D:14     | Found Cuyg's Antique Weapon Shoppe.
 15409 | D:14     | Noticed Azrael
 15424 | D:14     | Killed Azrael
 15763 | D:14     | Found a gate to the Vaults.
 16145 | Orc:1    | Entered Level 1 of the Orcish Mines
 16149 | Orc:1    | Noticed Harold
 16164 | Orc:1    | Killed Harold
 16277 | Orc:1    | Found Obriybis's General Store.
 16368 | Orc:1    | Bought a scroll of summoning for 142 gold pieces
 16405 | Orc:1    | Noticed Fannar
 16420 | Orc:1    | Killed Fannar
 16593 | Orc:2    | Entered Level 2 of the Orcish Mines
 16603 | Orc:2    | Reached XP level 14. HP: 120/120 MP: 14/14
 16674 | Orc:2    | Found a staircase to the Elven Halls.
 17071 | Orc:2    | Found Osmuap's Jewellery Shoppe.
 17071 | Orc:2    | Found Lixoh's Antique Armour Shop.
 17075 | Orc:2    | Killed from afar by an orc priest

Illustrated notes

Levels and vault maps discovered:
D:1:      wander_arrival_estate, layout_basic, serial_shops, shop,
          hellmonk_ecumenical_altar_watching_god, minmay_misc_feat_doors
D:2:      layout_basic, serial_forest, infiniplex_forest_clump_small,
          infiniplex_forest_lined_corner, infiniplex_forest_lined_2,
          infiniplex_forest_pool, infiniplex_forest_lined_3_way,
          infiniplex_forest_clump_long, st_stairs_2, minmay_misc_feat_square,
          minmay_pentomino_x4
D:3:      layout_basic, minmay_puff
D:4:      layout_cave_pools, temple_green, serial_column_ruins,
          column_ruins_circle_medium, column_ruins_hut, column_ruins_open_tiny,
          column_ruins_open_tiny, column_ruins_columns_corner,
          column_ruins_columns_straight, saegor_snake_ambush, uniq_blork_the_orc
D:5:      layout_rooms, hellmonk_bongcloud_opening, minmay_misc_feat_hallway,
          uniq_crazy_yiuf_cottage, uniq_pikel
D:6:      layout_gridville, gammafunk_ghost_abyssal_escape
D:7:      layout_basic, lemuel_round_altar
D:8:      lemuel_bear_cage, layout_loops_ring, erik_lair_island, special_room
          [special_room_orc], uniq_joseph
D:9:      layout_loops_cross, kennysheep_generic_room_11
D:10:     layout_grid_maze, gammafunk_ghost_grave, minmay_misc_feat_diagonals
D:11:     layout_irregular_city, david_orc_2, serial_shops, shop, serial_rivers,
          chequers_serial_rivers_micro_c, chequers_serial_rivers_small_a,
          chequers_serial_rivers_micro_e, chequers_serial_rivers_marsh
D:12:     lemuel_reptile_caves, layout_basic, minmay_misc_feat_chi
D:13:     layout_grid_maze, nicolae_dithmenos_the_darkroom
D:14:     layout_basic, david_vaults_5, serial_shops, nicolae_shop_hallway_plus,
          uniq_azrael
Orc:1:    layout_caves, basic_altar, serial_shops, shop, uniq_fannar,
          uniq_harold
Orc:2:    grunt_orc_tribal_feast, layout_caves

Skill      XL: |  1  2  3  4  5  6  7  8  9 10 11 12 13 14 |
---------------+-------------------------------------------+-----
Maces & Flails | 4 5 7 8 10 12 14 16 17 | 17.7
Dodging        | 2 3 4 5 6 7 |  7.2
Armour         | 2 3 4 5 7 8 |  8.5
Fighting       | 4 5 6 8 9 11 | 11.8
Evocations     | 1 3 |  3.0
Shields        | 1 2 3 |  3.2

Action                   |  1- 3 |  4- 6 |  7- 9 | 10-12 | 13-15 || total
-------------------------+-------+-------+-------+-------+-------++-------
Melee: Mace              |    97 |       |       |       |       ||    97
       Tailslap          |     7 |    19 |    46 |   101 |    51 ||   224
       Whip              |     4 |   141 |   208 |       |       ||   353
       Punch             |       |     1 |     4 |     1 |       ||     6
       Morningstar       |       |       |    40 |    80 |       ||   120
       Dire flail        |       |       |       |   558 |   314 ||   872
Invok: Berserk           |       |     2 |     6 |     9 |     7 ||    24
       Trog's Hand       |       |     2 |     6 |     9 |     6 ||    23
       Brothers in Arms  |       |       |       |     1 |       ||     1
  Use: Scroll            |       |       |    11 |    18 |     4 ||    33
       Potion            |       |       |       |     1 |     1 ||     2
 Stab: Confused          |       |       |     1 |       |       ||     1
Armor: Animal skin       |    27 |       |       |       |       ||    27
       Scale mail        |    17 |    53 |       |       |       ||    70
       Chain mail        |       |    65 |   228 |   114 |       ||   407
       Troll leather arm |       |       |       |   221 |   228 ||   449
Dodge: Dodged            |    50 |    29 |    58 |   206 |   117 ||   460
Block: Other             |       |       |       |    27 |       ||    27
       Reflection        |       |       |       |     1 |       ||     1

Table legend: (Time is in decaauts)
 A = Elapsed time spent in this place.
 B = Non-inter-level travel time spent in this place.
 C = Inter-level travel time spent in this place.
 D = Time resting spent in this place.
 E = Time spent auto-exploring this place.
 F = Levels seen in this place.
 G = Mean time per level.
                   A        B        C        D        E       F      G
               +--------+--------+--------+--------+--------+-----+--------+
         Total |  16938 |  15564 |   1374 |      0 |  12983 |  16 | 1058.6 |
       Dungeon |  16061 |  14734 |   1327 |      0 |  12352 |  14 | 1147.2 |
  Orcish Mines |    877 |    830 |     47 |      0 |    630 |   2 |  438.5 |
               +--------+--------+--------+--------+--------+-----+--------+

Top non-repeatable levels by time:
    D:10: 1508 daAuts
     D:8: 1495 daAuts
     D:7: 1341 daAuts
    D:12: 1276 daAuts
     D:2: 1256 daAuts
     D:4: 1229 daAuts
    D:13: 1128 daAuts
     D:6: 1084 daAuts
     D:1: 1069 daAuts
    D:11: 1054 daAuts
     D:5: 966 daAuts
    D:14: 917 daAuts
     D:3: 896 daAuts
     D:9: 835 daAuts
   Orc:2: 441 daAuts
